 Dungeon Crawl Stone Soup version 0.24-a0-201-gf205589 (webtiles) character file.

Game seed: 15173272395015500210

830 krystol the Chiller (level 7, -1/56 HPs)
             Began as a Yellow Draconian Ice Elementalist on Mar 24, 2019.
             Was an Initiate of Ashenzari.
             Slain by a gnoll shaman
             ... wielding a +0 whip
              (5 damage)
             ... on level 5 of the Dungeon.
             The game lasted 00:15:48 (5646 turns).

krystol the Chiller (DrIE)                          Turns: 5646, Time: 00:15:49

Health: -1/56      AC:  6    Str: 11    XL:     7   Next: 65%
Magic:  7/13       EV: 13    Int: 17    God:    Ashenzari [......]
Gold:   257        SH:  4    Dex: 11    Spells: 4/14 levels left

rFire    . . .     SeeInvis .   a - +0 dagger
rCold    . . .     Gourm    .   p - +0 buckler (curse)
rNeg     . . .     Faith    .   (armour unavailable)
rPois    +         Spirit   .   (helmet restricted)
rElec    .         Reflect  .   (no cloak)
rCorr    +         Harm     .   (no gloves)
MR       +....                  (no boots)
Stlth    ++........             (no amulet)
HPRegen  0.18/turn              (no ring)
MPRegen  0.13/turn              (no ring)

@: lethally poisoned (-1 -> -5), short of breath, flying
A: spit acid, unfitting armour, hooves 1, magic resistance 1, poison resistance,
cold-blooded, acid resistance, AC +6
a: Breathe Acid, Curse Item, Renounce Religion


You were on level 5 of the Dungeon.
You worshipped Ashenzari.
Ashenzari was noncommittal.
You were not hungry.

You visited 2 branches of the dungeon, and saw 6 of its levels.

You collected 257 gold pieces.

Inventory:

Hand Weapons
 a - a +0 dagger (weapon)
Missiles
 c - 157 stones (quivered)
Armour
 p - a cursed +0 buckler (worn)
 v - a +0 shield
Jewellery
 e - an uncursed ring of protection from cold
 m - an uncursed ring of protection from fire
Wands
 r - a wand of random effects (39)
 u - a wand of acid (10)
 x - a wand of flame (26)
Scrolls
 d - 13 scrolls of identify {unknown}
 f - 3 scrolls of teleportation {unknown}
 i - 2 scrolls of blinking {unknown}
 j - a scroll of remove curse
 k - a scroll of enchant weapon {unknown}
 n - a scroll of immolation {unknown}
 t - a scroll of enchant armour {unknown}
Potions
 g - a potion of might {unknown}
 h - a potion of resistance {unknown}
 l - a potion of magic {unknown}
 o - 2 potions of flight
 s - a potion of brilliance {unknown}
Comestibles
 b - 9 rations
 w - a chunk of flesh


   Skills:
 * Level 2.5 Fighting
 - Level 4.0 Dodging
 - Level 2.1 Stealth
 * Level 2.0 Shields
 + Level 4.1 Spellcasting
 - Level 1.0 Conjurations
 * Level 2.3 Summonings
 * Level 5.4 Ice Magic


You had 4 spell levels left.
You knew the following spells:

 Your Spells              Type           Power        Failure   Level  Hunger
a - Freeze                Ice            ###.         2%          1    None
b - Ozocubu's Armour      Chrm/Ice       ##......     21%         3    ###....
c - Throw Frost           Conj/Ice       ##....       8%          2    ##.....
d - Summon Ice Beast      Ice/Summ       ###.....     36%         4    ####...

Your spell library contained the following spells:

 Spells                   Type           Power        Failure   Level  Hunger
 Throw Icicle             Conj/Ice       ##......     45%         4    ####...


Dungeon Overview and Level Annotations

Branches:
Dungeon (5/15)             Temple (1/1) D:4

Altars:
Ashenzari
Fedhas
Kikubaaqudgha
Makhleb
Okawaru
Ru
Sif Muna
Uskayaw
Vehumet
Wu Jian
Xom
Yredelemnul
Zin
The Shining One

Shops:
D:4 [

Annotations:
D:5 2 runed translucent doors, Inarius's ghost, amateur KoAE


Innate Abilities, Weirdness & Mutations

You can spit globs of acid.
Your golden yellow scales are hard. (AC +6)
You cannot fit into any form of body armour.
You are cold-blooded and may be slowed by cold attacks.
You are resistant to acid. (rCorr)
You have large cloven feet.
You are resistant to hostile enchantments. (MR+)
Your system is resistant to poisons. (rPois)


Message History

Beogh smites you!
* * * LOW HITPOINT WARNING * * *
A puff of frost appears from out of thin air!
The puff of frost hits you!
* * * LOW HITPOINT WARNING * * *
Okay, then.
You can't do that yet.
It was a potion of flight.
You feel very buoyant.
You fly up into the air.
The gnoll shaman misses you. You block the gnoll shaman's attack.
Something hits you but does no damage.
You are lethally poisoned!
Okay, then.
It was a potion of mutation.
You feel extremely strange.
You feel resistant to hostile enchantments.
Your feet thicken and deform.
You feel resistant to poisons.
* * * LOW HITPOINT WARNING * * *
You feel sick.
The gnoll shaman hits you with a +0 whip.
You die...

### #.. .# #.# ### #.#
#.########.## #.#
#.##........#####.#
#o##...........##.#
...#.##.##{@......##.##.#
.......ooog......)<...#.#
...#.#.###........####..#
....................####
#...###############......
..... #.####. ..#... #.#
#. ...#.## ##
#######.####. .. #. ..
.............


You could see a gnoll shaman, an orc priest and 2 orcs.

Vanquished Creatures
  An ice beast (D:5)
  3 scorpions
  A howler monkey (D:5)
  A crimson imp (D:5)
  2 orc priests
  A centaur skeleton (D:4)
  4 orc wizards
  4 worker ants
  An iguana (D:5)
  A hound skeleton (D:4)
  3 gnolls
  3 adders
  A shadow imp (D:5)
  3 oozes
  An adder skeleton (D:5)
  2 worms
  3 dart slugs
  3 leopard geckos
  11 orcs
  A ball python (D:4)
  6 bats
  3 giant cockroaches (D:2)
  6 hobgoblins
  7 jackals
  11 kobolds
  A quokka (D:2)
  2 frilled lizards
  7 goblins
  2 jackal skeletons
  10 rats
105 creatures vanquished.

Vanquished Creatures (others)
  A howler monkey (D:4)
  An adder (D:4)
2 creatures vanquished.

Grand Total: 107 creatures vanquished

Notes
Turn   | Place    | Note
-------+----------+-------------------------------------------
     0 | D:1      | krystol the Draconian Ice Elementalist began the quest for
                  | the Orb.
     0 | D:1      | Reached XP level 1. HP: 14/14 MP: 3/3
   248 | D:1      | Reached XP level 2. HP: 15/20 MP: 3/5
   925 | D:1      | Reached XP level 3. HP: 26/26 MP: 6/6
  1063 | D:2      | Learned a level 3 spell: Ozocubu's Armour
  1066 | D:2      | Learned a level 2 spell: Throw Frost
  1758 | D:2      | Reached XP level 4. HP: 31/33 MP: 4/8
  1777 | D:2      | Found a blossoming altar of Fedhas.
  2186 | D:3      | Reached skill level 4 in Ice Magic
  2186 | D:3      | Reached XP level 5. HP: 25/38 MP: 0/9
  2553 | D:3      | Found a faded altar of an unknown god.
  3043 | D:4      | Found a shimmering altar of Xom.
  3317 | D:3      | Reached XP level 6. HP: 37/45 MP: 6/11
  3685 | D:4      | Found a staircase to the Ecumenical Temple.
  3699 | Temple   | Entered the Ecumenical Temple
  3800 | Temple   | Became a worshipper of Ashenzari the Shackled
  3862 | Temple   | Learned a level 4 spell: Summon Ice Beast
  4366 | D:4      | Found Lamoqie's Antique Armour Boutique.
  4648 | D:4      | Reached skill level 1 in Fighting
  4648 | D:4      | Reached skill level 1 in Summonings
  4878 | D:5      | Entered Level 5 of the Dungeon
  4878 | D:5      | Noticed an ice beast
  5098 | D:5      | Reached skill level 5 in Ice Magic
  5127 | D:5      | Found a large runed translucent door.
  5130 | D:5      | Found a large runed translucent door.
  5135 | D:5      | Your scales start taking on a golden yellow colour.
  5135 | D:5      | Reached XP level 7. HP: 35/52 MP: 9/12
  5135 | D:5      | Gained mutation: You are resistant to acid. (rCorr) [Yellow
                  | Draconian growth]
  5238 | D:5      | Noticed Inarius's ghost (amateur KoAE)
  5255 | D:5      | Reached skill level 1 in Shields
  5646 | D:5      | Gained mutation: You are resistant to hostile enchantments.
                  | (MR+) [potion of mutation]
  5646 | D:5      | Gained mutation: You have large cloven feet. [potion of
                  | mutation]
  5646 | D:5      | Gained mutation: Your system is resistant to poisons.
                  | (rPois) [potion of mutation]
  5646 | D:5      | Slain by a gnoll shaman

Levels and vault maps discovered:
D:1:      ncdulo_watergridlock, layout_loops_ring, minmay_split_cup_small
D:2:      layout_loops_corners, nicolae_overflow_hidden_temple
D:3:      layout_loops_ring, chequers_ecumenical_altar_island,
          guppyfry_early_lair_pool
D:4:      layout_rooms, minmay_temple_entry_fiery, serial_shops,
          nicolae_shop_competitors_out_of_business, first_ration,
          xom_confusion_cloud
D:5:      layout_basic, elyvilon_altar_1, ebering_ghost_disaster_area,
          uniq_pikel
Temple:   nicolae_temple_god_jail

Skill      XL: |  1  2  3  4  5  6  7 |
---------------+----------------------+-----
Stealth        | 2 |  2.1
Dodging        | 2 3 4 |  4.0
Spellcasting   | 3 4 |  4.1
Ice Magic      | 4 5 |  5.4
Fighting       | 1 2 |  2.5
Summonings     | 1 2 |  2.3
Shields        | 2 |  2.0
Conjurations   | |  1.0

Action                   |  1- 3 |  4- 6 |  7- 9 || total
-------------------------+-------+-------+-------++-------
Melee: Dagger            |    44 |   101 |    42 ||   187
       Tailslap          |     2 |     9 |     4 ||    15
Throw: Stone             |       |     1 |       ||     1
 Cast: Freeze            |    54 |    98 |    23 ||   175
       Ozocubu's Armour  |       |     2 |       ||     2
Invok: Curse Item        |       |     1 |       ||     1
 Abil: Breathe Acid      |       |       |     5 ||     5
  Use: Potion            |       |       |     2 ||     2
 Stab: Sleeping          |     6 |     3 |       ||     9
       Distracted        |       |     1 |       ||     1
  Eat: Chunk             |     3 |     8 |     2 ||    13
       Ration            |       |     1 |       ||     1
Armor: Skin              |    21 |    43 |    10 ||    74
Dodge: Dodged            |    63 |   107 |    29 ||   199
Block: Buckler           |       |     1 |    13 ||    14

Table legend:
 A = Non-vault XP
 B = Vault XP
 C = Vault XP percentage of total XP
 D = Non-vault monster count
 E = Vault monster count
 F = Vault count percentage of total count
                 A         B        C        D         E       F
            +---------+---------+-------+---------+---------+-------
      Total |    1119 |      67 |   5.6 |      98 |       7 |   6.7
            +---------+---------+-------+---------+---------+-------
        D:1 |      35 |       7 |  16.7 |      18 |       3 |  14.3
        D:2 |      68 |       0 |   0.0 |      26 |       0 |   0.0
        D:3 |     281 |       0 |   0.0 |      26 |       0 |   0.0
        D:4 |     159 |      60 |  27.4 |      13 |       4 |  23.5
        D:5 |     576 |       0 |   0.0 |      15 |       0 |   0.0
            +---------+---------+-------+---------+---------+-------
